Map: Berlingrad LE

Players

DnS - Winner!

  • Race: Protoss Protoss

Lambo

  • Race: Zerg Zerg
  • League: Grandmaster

Event: DreamHack SC2 Masters Last Chance 2022

VOD

Have the link to the VOD?

Description

Time

  • Played on: Dec. 17, 2021, 1:23 p.m.
  • Length: 10:47

All games in this series

Show
View Real Time Build Order
Export as new Build Order

DnS Protoss - Winner!

Build Orders: 1 Gate Expand, Archon Immortal 

Get SALT Encoding   

  12  0:00  Probe  
  13  0:12  Probe  
  14  0:19  Pylon  
  14  0:24  Probe  
  15  0:37  Probe (Chrono Boost)  
  16  0:44  Gateway  
  16  0:47  Probe (Chrono Boost)  
  17  0:52  Assimilator, Probe (Chrono Boost)  
  18  1:04  Probe  
  19  1:16  Probe  
  20  1:25  Nexus  
  20  1:34  Cybernetics Core  
  20  1:38  Probe  
  21  1:45  Assimilator  
  21  1:50  Probe  
  21  1:52  Pylon  
  22  2:01  Adept  
  22  2:02  Probe (Chrono Boost)  
  23  2:14  Probe (Chrono Boost)  
  26  2:15  Robotics Facility  
  26  2:21  Probe (Chrono Boost)  
  27  2:27  Warp Gate  
  27  2:28  Probe  
  28  2:34  Stalker  
  30  2:39  Probe (Chrono Boost)  
  32  2:46  Probe (Chrono Boost)  
  32  2:49  Probe (Chrono Boost)  
  33  2:54  Probe x2 (Chrono Boost)  
  35  2:59  Gateway  
  35  3:04  Probe  
  35  3:05  Probe  
  37  3:11  Warp Prism (Chrono Boost)  
  39  3:17  Adept, Probe  
  43  3:20  Probe  
  43  3:23  Pylon  
  43  3:29  Probe  
  43  3:32  Probe  
  45  3:41  Probe, Pylon  
  46  3:44  Immortal (Chrono Boost)  
  46  3:45  Probe  
  46  3:48  Assimilator  
  51  3:53  Probe  
  52  3:56  Pylon  
  52  3:58  Probe  
  52  4:00  Assimilator  
  53  4:05  Probe  
  54  4:10  Probe  
  54  4:12  Immortal (Chrono Boost)  
  59  4:17  Probe  
  59  4:19  Sentry x2  
  59  4:22  Twilight Council  
  64  4:25  Forge  
  64  4:30  Pylon  
  64  4:43  Immortal (Chrono Boost)  
  68  4:51  Sentry x2  
  68  4:52  Gateway  
  70  4:54  Gateway  
  70  4:58  Protoss Ground Weapons Level 1 (Chrono Boost), Charge  
  70  5:10  Gateway  
  70  5:11  Gateway  
  70  5:17  Immortal (Chrono Boost)  
  74  5:30  Gateway x2  
  74  5:38  Templar Archives  
  74  5:45  Pylon  
  74  5:49  Zealot x2  
  78  5:59  Pylon  
  78  6:01  Immortal (Chrono Boost)  
  78  6:02  Pylon  
  78  6:03  Probe  
  83  6:04  Pylon  
  83  6:16  Nexus  
  83  6:20  Pylon  
  83  6:26  High Templar x2  
  83  6:27  Zealot  
  83  6:30  Pylon  
  83  6:31  Archon  
  89  6:39  Zealot x2, High Templar x2  
  97  6:41  Pylon  
  97  6:43  Archon  
  97  6:44  Zealot  
  99  6:51  Zealot  
  101  7:00  Zealot x2  
  101  7:01  Zealot x2  
  109  7:06  Zealot  
  111  7:19  High Templar x2  
  111  7:20  Zealot  
  101  7:23  Archon  
  101  7:24  Zealot x4  
  95  7:36  Zealot  
  93  7:42  Zealot  
  87  7:45  Zealot x4  
  83  7:58  Zealot x3  
  69  8:06  Immortal (Chrono Boost)  
  55  8:24  High Templar x4  
  55  8:25  Zealot x2  
  63  8:28  Archon x2, Pylon  
  63  8:30  Zealot x2  
  67  8:39  Immortal (Chrono Boost)  
  71  8:46  Zealot  
  71  8:47  Zealot  
  70  8:51  Zealot x2  
  62  8:59  Zealot, High Templar x2  
  68  9:03  Archon  
  68  9:05  Warp Prism (Chrono Boost)  
  70  9:14  High Templar x2  
  70  9:15  Zealot  
  76  9:18  Archon  
  76  9:23  Zealot x3  
  82  9:29  Photon Cannon  
  82  9:37  Zealot x2  
  86  9:41  High Templar x2  
  86  9:45  Archon  
  90  9:53  Zealot x4  
  98  10:01  Observer  
  97  10:12  Zealot x4  
  93  10:16  Zealot x3  
  93  10:20  Zealot  
  83  10:33  Zealot, Sentry x2  
  83  10:34  Zealot  
  81  10:42  Sentry x2  
  79  10:43  Zealot x2  
Show
View Real Time Build Order
Export as new Build Order

Lambo Zerg 

Build Orders: Hatch First 

Get SALT Encoding   

  12  0:00  Drone  
  13  0:12  Overlord  
  14  0:21  Drone  
  14  0:31  Drone x2  
  17  0:42  Drone  
  17  0:51  Hatchery  
  17  0:55  Drone  
  17  0:59  Drone  
  18  1:11  Extractor  
  18  1:13  Spawning Pool  
  18  1:17  Drone  
  17  1:21  Drone  
  18  1:28  Drone  
  19  1:38  Drone  
  20  1:51  Overlord  
  20  1:59  Queen  
  22  2:03  Drone, Queen  
  22  2:05  Zergling x2  
  26  2:14  Zergling x2  
  27  2:15  Metabolic Boost  
  27  2:16  Drone  
  28  2:23  Drone  
  28  2:24  Drone  
  30  2:36  Hatchery  
  29  2:39  Drone  
  29  2:41  Drone  
  31  2:44  Overlord  
  31  2:49  Drone  
  32  2:55  Queen  
  32  2:57  Drone  
  35  2:58  Drone  
  36  3:09  Queen, Overlord  
  38  3:14  Drone x2  
  38  3:16  Drone x2  
  38  3:18  Drone  
  43  3:20  Drone  
  43  3:25  Overlord  
  44  3:29  Zergling x2  
  45  3:35  Queen  
  45  3:38  Drone, Roach Warren  
  47  3:44  Drone x2  
  49  3:48  Drone  
  49  3:49  Drone x2  
  52  3:56  Zergling x4  
  52  3:57  Drone  
  52  3:59  Queen  
  57  4:05  Zergling x6  
  57  4:06  Extractor  
  57  4:08  Overlord  
  59  4:15  Overlord x2  
  59  4:17  Overlord  
  59  4:19  Overlord  
  59  4:24  Spore Crawler  
  59  4:25  Overlord  
  59  4:28  Overlord  
  58  4:31  Drone  
  58  4:32  Spore Crawler  
  58  4:35  Drone x3  
  58  4:37  Drone  
  61  4:41  Lair  
  61  4:43  Drone  
  62  4:45  Drone  
  62  4:51  Drone x3  
  62  4:52  Drone  
  67  4:53  Drone  
  67  4:55  Drone, Extractor  
  67  4:56  Drone  
  69  5:03  Drone x2  
  69  5:05  Extractor  
  69  5:06  Drone  
  71  5:10  Drone x3  
  71  5:14  Roach x3  
  79  5:18  Roach x3  
  85  5:23  Spine Crawler  
  85  5:26  Overlord  
  86  5:28  Roach x2  
  86  5:29  Roach  
  90  5:36  Ravager x2  
  90  5:37  Zergling x2, Roach x2  
  90  5:38  Zergling x2  
  100  5:42  Zergling x4  
  100  5:43  Zergling x2  
  100  5:47  Zergling x8  
  100  5:49  Glial Reconstitution  
  104  5:52  Drone x2, Extractor  
  104  5:55  Drone x3  
  103  6:02  Roach x2  
  108  6:07  Roach  
  108  6:11  Evolution Chamber  
  109  6:15  Roach x6  
  109  6:16  Overlord x2  
  121  6:20  Overlord  
  121  6:23  Overlord  
  121  6:27  Overlord  
  121  6:29  Overlord  
  121  6:32  Ravager  
  122  6:35  Ravager x3  
  122  6:36  Roach  
  122  6:37  Roach  
  122  6:38  Zergling x8  
  133  6:43  Zergling x2, Roach x2  
  138  6:47  Roach x2  
  138  6:49  Roach  
  138  6:53  Zerg Missile Weapons Level 1, Drone  
  142  6:59  Roach x3  
  148  7:05  Roach x3  
  148  7:07  Roach  
  156  7:12  Roach x3  
  156  7:15  Roach x2  
  159  7:17  Roach  
  159  7:19  Roach  
  159  7:22  Roach  
  133  7:24  Roach  
  133  7:27  Roach x2  
  133  7:28  Roach  
  130  7:31  Roach  
  130  7:34  Roach x2  
  130  7:35  Roach  
  124  7:37  Roach  
  124  7:39  Roach  
  124  7:41  Roach  
  124  7:42  Roach  
  124  7:43  Zergling x2  
  127  7:48  Roach  
  127  7:49  Roach  
  127  7:50  Zergling x2  
  114  7:54  Roach  
  114  7:57  Zergling x4  
  89  8:01  Roach  
  89  8:04  Zergling x4  
  84  8:08  Zergling x4  
  84  8:12  Roach  
  75  8:15  Roach  
  75  8:19  Drone x2  
  71  8:23  Drone x2  
  71  8:25  Drone  
  74  8:28  Drone x2  
  74  8:30  Ravager  
  74  8:31  Ravager  
  74  8:34  Roach  
  80  8:41  Roach x2  
  83  8:46  Roach  
  79  8:50  Roach x2  
  79  8:53  Roach  
  80  8:58  Roach x3  
  77  9:03  Drone x3  
  77  9:06  Drone  
  77  9:09  Drone x3  
  84  9:12  Roach  
  84  9:13  Ravager  
  84  9:14  Ravager  
  90  9:17  Roach  
  90  9:19  Ravager  
  90  9:20  Ravager  
  90  9:21  Drone  
  90  9:22  Drone  
  94  9:24  Roach  
  94  9:28  Queen  
  98  9:32  Roach  
  98  9:35  Queen  
  102  9:42  Roach  
  104  9:46  Roach  
  104  9:48  Roach x2  
  104  9:50  Roach  
  112  9:53  Roach  
  112  9:59  Roach x2  
  118  10:03  Roach x2  
  118  10:05  Roach  
  124  10:12  Roach  
  113  10:14  Roach  
  113  10:15  Roach  
  113  10:23  Roach  
  113  10:28  Roach x2  

Tags
 
Add a new tag
Caveats
  • Supply blocks, unpowered buildings, or Contaminate may cause inaccurate times.
  • Supply counts are checked every 10 seconds.